 Dungeon Crawl Stone Soup version 0.30-b1-2-g02819fbbbe (webtiles) character file.

Game seed: 5075652308287045948

9 Alarkh the Vexing (level 2, 21/21 HPs)
             Began as a Demonspawn Hexslinger on July 8, 2023.
             Got out of the dungeon alive.
             The game lasted 00:00:16 (231 turns).

Alarkh the Vexing (Demonspawn Hexslinger)            Turns: 231, Time: 00:00:16

Health: 21/21      AC:  2    Str: 10    XL:     2   Next: 3%
Magic:  3/3        EV: 12    Int: 14    God:
Gold:   0          SH:  4    Dex: 13    Spells: 2/3 levels left

rFire   . . .        a - +1 sling
rCold   . . .        (no shield)
rNeg    . . .        c - +0 robe
rPois   .            (no helmet)
rElec   .            (no cloak)
rCorr   .            (no gloves)
SInv    .            (no boots)
Will    .....        (no amulet)
Stlth   +            (no ring)
HPRegen 0.23/turn    (no ring)
MPRegen 0.08/turn

%: no passive effects
@: no status effects
A: condensation shield
a: no special abilities


You escaped.
You visited 1 branch of the dungeon, and saw 1 of its levels.

Inventory:

Hand Weapons
 a - a +1 sling (weapon)
Armour
 c - a +0 robe (worn)
Jewellery
 d - a ring of poison resistance
Scrolls
 b - a scroll of poison
 f - a scroll of enchant armour {unknown}
Potions
 e - a potion of brilliance {unknown}


   Skills:
 + Level 1.4 Fighting
 * Level 2.3 Ranged Weapons
 - Level 1.7 Dodging
 - Level 1.0 Spellcasting
 - Level 3.0 Hexes


You had 2 spell levels left.
You knew the following spells:

 Your Spells              Type           Power      Damage    Failure   Level
a - Slow                  Hex            36%        N/A       8%          1

Your spell library contained the following spells:

 Spells                   Type           Power      Damage    Failure   Level
 Inner Flame              Hex/Fire       4%         N/A       38%         3
 Portal Projectile        Hex/Tloc       8%         N/A       38%         3
 Cause Fear               Hex            4%         N/A       58%         4


Dungeon Overview and Level Annotations

Branches:
Dungeon (1/15)

Altars:


Innate Abilities, Weirdness & Mutations

A meltable shield of frost defends you. (SH +4)


Message History

No target in view!
You see here a rat corpse.
d - a ring of poison resistance
e - a bubbling emerald potion
Found a falchion.
Found a dagger.
f - a scroll labelled YTUBRU BUTISK An endoplasm comes into view.
Found a stone staircase leading down.
An endoplasm is nearby!
An endoplasm is nearby!
An endoplasm is nearby!
You shoot a sling bullet.
The sling bullet hits the endoplasm but does no damage.
The endoplasm quivers.
You shoot a sling bullet. The sling bullet hits the endoplasm.
You kill the endoplasm!
No target in view!
You open the door.
There is an open door here.
You open the door.
There is an open door here.
As you open the door, it creaks loudly!
A goblin and a ball python come into view.
The goblin shouts!
The ball python hisses angrily.
There are monsters nearby!
There are monsters nearby!
You shoot a sling bullet. The sling bullet hits the goblin!
You kill the goblin!
You shoot a sling bullet. The sling bullet hits the ball python.
The ball python is heavily wounded.
You shoot a sling bullet. The sling bullet hits the ball python.
You kill the ball python!
You have reached level 2!
Your demonic ancestry asserts itself...
Frost condenses into a shield before you.
There is an open door here.
There is a staircase leading out of the dungeon here.
Are you sure you want to leave the Dungeon?
This will make you lose the game!
You have escaped!

#..~~~~.~~~~..#.# #....
#..~~~~.~~~~..#.# ####.
#..~~~≈.~~~≈..... #.
#..~~~≈.≈~~~... ##.
#..~~≈~.≈≈≈~... #..
##.~~≈~.≈≈≈~.). ##.
#.P~~...~~P.... ##..
#.............. #...
#.....@....... ##..
#............. ####...
#.P~~...~~P..####.#....
#.~≈≈≈.~≈≈~..#.#.......
#.~~≈~.~≈≈~............
#.~~~≈.≈~~~..#.#.......
#.≈~~~.~~~~.#####.#....
##.~~~~.~~~~...######...
...~~~~.~~~~....## ##..


There were no monsters in sight!

Vanquished Creatures
  2 endoplasms (D:1)
  2 goblins (D:1)
  2 ball pythons (D:1)
  A kobold (D:1)
  A rat (D:1)
8 creatures vanquished.

Notes
Turn   | Place    | Note
-------+----------+-------------------------------------------
     0 | D:1      | Alarkh the Demonspawn Hexslinger began the quest for the
                  | Orb.
     0 | D:1      | Reached XP level 1. HP: 15/15 MP: 2/2
   211 | D:1      | Gained mutation: A meltable shield of frost defends you.
                  | (SH +4) [demonic ancestry]
   211 | D:1      | Reached XP level 2. HP: 21/21 MP: 3/3
   231 | D:$      | Got out of the dungeon alive.

Illustrated notes

Levels and vault maps discovered:
D:1:      giann_bridges, layout_basic, dreamdust_princess_corridor,
          nicolae_figureground_sparkle

Skill      XL: |  1 |
---------------+----+-----
Ranged Weapons | 2 |  2.3
Fighting       | |  1.4
Dodging        | |  1.7
Spellcasting   | |  1.0
Hexes          | |  3.0

Action                     || total
---------------------------++-------
   Fire: Sling             ||    22
 Armour: Robe              ||     3
  Dodge: Dodged            ||     5
